 Dungeon Crawl Stone Soup version 0.30-a0-696-g2367cd04db (webtiles) character file.

Game seed: 10208066107453800492

1560 Leeroy the Carver (level 8, 0/44 HPs)
             Began as a Tengu Warper on Jan 20, 2023.
             Slain by a killer bee (6 damage)
             ... on level 7 of the Dungeon.
             The game lasted 00:06:33 (5059 turns).

Leeroy the Carver (Tengu Warper)                    Turns: 5059, Time: 00:06:33

Health: 0/44       AC:  4    Str: 12    XL:     8   Next: 89%
Magic:  12/12      EV: 16    Int: 13    God:
Gold:   293        SH:  0    Dex: 16    Spells: 5/11 levels left

rFire   . . .      SeeInvis .    z - +3 dagger (speed)
rCold   . . .      Faith    .    (no shield)
rNeg    . . .      Spirit   .    b - +0 leather armour
rPois   .          Reflect  .    (helmet restricted)
rElec   .          Harm     .    (no cloak)
rCorr   .          Rampage  .    n - +0 pair of gloves
Will    .....                    (boots unavailable)
Stlth   +                        (no amulet)
HPRegen 0.27/turn                (no ring)
MPRegen 0.13/turn                (no ring)

@: lethally poisoned (0 -> -4), flying quickly and evasively, quick
A: beak, talons 3, nimble flight
a: no special abilities


You were on level 7 of the Dungeon.
You visited 1 branch of the dungeon, and saw 7 of its levels.

You collected 293 gold pieces.

Inventory:

Hand Weapons
 a - a +0 falchion
 z - a +3 dagger of speed (weapon)
 B - a +1 dagger of draining
 E - a +2 hand axe of freezing
Missiles
 d - 7 boomerangs of dispersal
 j - 14 poisoned darts (quivered)
 u - a boomerang
 D - a curare-tipped dart
Armour
 b - a +0 leather armour (worn)
 n - a +0 pair of gloves (worn)
 t - a +0 buckler
Wands
 G - a wand of iceblast (7)
Scrolls
 c - 3 scrolls of blinking
 e - 3 scrolls of poison {unknown}
 f - a scroll of brand weapon {unknown}
 g - 7 scrolls of teleportation {unknown}
 h - 2 scrolls of noise {unknown}
 m - 9 scrolls of identify {unknown}
 s - a scroll of vulnerability {unknown}
 v - a scroll of fear {unknown}
 w - a scroll of torment {unknown}
 x - a scroll of fog {unknown}
 y - a scroll of immolation {unknown}
 C - a scroll of magic mapping {unknown}
 F - 2 scrolls of enchant armour {unknown}
Potions
 i - a potion of resistance {unknown}
 k - 2 potions of magic
 o - 2 potions of ambrosia {unknown}
 p - 2 potions of curing {unknown}
 q - a potion of degeneration {unknown}
 r - a potion of brilliance {unknown}
 A - a potion of flight
 H - a potion of might {unknown}


   Skills:
 - Level 2.0 Fighting
 - Level 11.1 Long Blades
 - Level 1.0 Throwing
 - Level 1.1 Armour
 + Level 5.0 Dodging
 - Level 2.0 Spellcasting
 - Level 2.4 Translocations


You had 5 spell levels left.
You knew the following spells:

 Your Spells              Type           Power      Damage    Failure   Level
a - Blink                 Tloc           14%        N/A       19%         2
b - Manifold Assault      Tloc           7%         N/A       77%         4

Your spell library contained the following spells:

 Spells                   Type           Power      Damage    Failure   Level
 Lesser Beckoning         Tloc           14%        N/A       19%         2
 Momentum Strike          Conj/Tloc      8%         3d8       30%         2
 Kiss of Death            Conj/Necr      4%         2d5       32%         1
 Teleport Other           Tloc           7%         N/A       36%         3
 Vhi's Electric Charge    Tloc/Air       8%         N/A       52%         3
 Confusing Touch          Hex            1%         N/A       67%         3
 Dispel Undead            Necr           1%         3d6       97%         4


Dungeon Overview and Level Annotations

Branches:
Dungeon (7/15)
 Temple: D:4-7

Altars:
Ashenzari

Annotations:
D:5 Dowan, Duvessa
D:6 Sigmund


Innate Abilities, Weirdness & Mutations

You have a beak for a mouth.
You have claws for feet.
Your magical nature lets you fly swiftly and evasively.


Message History

You closely miss the bullfrog.
The bullfrog is severely wounded.
The bullfrog hits you.
You closely miss the bullfrog. Your peck misses the bullfrog.
The bullfrog is severely wounded.
You closely miss the bullfrog.
You peck the bullfrog, but do no damage.
The bullfrog is severely wounded.
The bullfrog barely misses you.
You closely miss the bullfrog. You claw the bullfrog.
Your peck misses the bullfrog. Your punch misses the bullfrog.
The bullfrog is almost dead.
You hit the bullfrog. Your peck misses the bullfrog.
The bullfrog is almost dead.
The bullfrog hits you!
* * * LOW HITPOINT WARNING * * *
You feel much better. The bullfrog hits you.
Press: ? - help, v - describe, . - travel The floor.
You puncture the bullfrog!
You kill the bullfrog!
Your Dodging skill increases to level 5!
You hit the killer bee.
The killer bee is lightly wounded.
The killer bee closely misses you.
You hit the killer bee. Your peck misses the killer bee.
The killer bee is moderately wounded.
The killer bee stings you!
* * * LOW HITPOINT WARNING * * *
You are poisoned.
The killer bee poisons you!
You closely miss the killer bee. Your kick misses the killer bee.
The killer bee is moderately wounded.
You feel sick. The killer bee stings you.
* * * LOW HITPOINT WARNING * * *
It was a potion of flight.
You feel more buoyant.
* * * LOW HITPOINT WARNING * * *
You feel sick. The killer bee closely misses you. The killer bee stings you.
You die...

.. .## #. ... # #.
..# .# #. # ##
#####)## ..##..#
####. .. . #....>.#
....... ..... #.##.
#.# #..# ..... #..
#...##.###..##..#.##.
#.
#.......#..y@.......
######.
##..y.#.##.####...##
#...... #..#y......#
#...# #.##... #..
#......## #...#
#.##.#. y.. #.##.#.#
#...# #.##.##


yyy #....#.#####...#####.##.# y. ##.##.#...............##.# y
#.....................##.# #....................###.# You could see a killer
bee.

Vanquished Creatures
  An ice beast (D:6)
  A black bear (D:6)
  3 ogres
  A kobold brigand (D:6)
  A phantom (D:5)
  A bullfrog (D:7)
  A scorpion (D:5)
  2 necrophages
  5 killer bees (D:7)
  3 howler monkeys
  A jelly (D:6)
  3 hounds
  3 orc priests
  2 orc wizards
  6 adders
  2 worms (D:2)
  2 dart slugs
  13 orcs
  5 ball pythons
  5 bats
  4 endoplasms
  4 giant cockroaches
  6 goblins
  9 hobgoblins
  11 kobolds
  3 quokkas
  8 frilled lizards
  3 rats (D:3)
109 creatures vanquished.

Notes
Turn   | Place    | Note
-------+----------+-------------------------------------------
     0 | D:1      | Leeroy the Tengu Warper began the quest for the Orb.
     0 | D:1      | Reached XP level 1. HP: 12/12 MP: 4/4
   106 | D:1      | Reached skill level 3 in Long Blades
   106 | D:1      | Reached XP level 2. HP: 15/17 MP: 6/6
   809 | D:2      | Reached XP level 3. HP: 21/21 MP: 7/7
   830 | D:2      | Reached skill level 4 in Long Blades
   890 | D:2      | Found a faded altar of an unknown god.
  1458 | D:3      | Reached XP level 4. HP: 24/26 MP: 8/8
  1498 | D:3      | Reached skill level 5 in Long Blades
  1600 | D:3      | Gained mutation: Your magical nature lets you fly swiftly
                  | and evasively. [Tengu growth]
  1600 | D:3      | Reached XP level 5. HP: 10/30 MP: 9/9
  1833 | D:3      | Found a broken altar of Ashenzari.
  2083 | D:3      | You are sucked into a shaft and drop 2 floors!
  2083 | D:5      | Entered Level 5 of the Dungeon
  2113 | D:4      | Reached skill level 6 in Long Blades
  2663 | D:4      | Reached XP level 6. HP: 25/35 MP: 10/10
  2774 | D:4      | Learned a level 2 spell: Blink
  2783 | D:4      | Learned a level 4 spell: Manifold Assault
  2916 | D:3      | Reached skill level 7 in Long Blades
  3361 | D:5      | Noticed Dowan
  3578 | D:5      | Reached skill level 8 in Long Blades
  3585 | D:5      | Reached XP level 7. HP: 21/40 MP: 11/11
  3827 | D:5      | Noticed Duvessa
  3930 | D:4      | Reached skill level 9 in Long Blades
  4024 | D:6      | Reached XP level 8. HP: 38/44 MP: 12/12
  4071 | D:6      | Reached skill level 10 in Long Blades
  4869 | D:6      | Noticed Sigmund
  4901 | D:7      | Reached skill level 11 in Long Blades
  5056 | D:7      | Reached skill level 5 in Dodging
  5059 | D:7      | Slain by a killer bee

Illustrated notes

Levels and vault maps discovered:
D:1:      pf_arrival_petrified_forest, layout_basic
D:2:      wander_river, layout_basic, basic_ecumenical_altar
D:3:      layout_loops_corners, nicolae_ashenzari_panopticon,
          corexii_item_surrounded_by_moat
D:4:      layout_loops_ring
D:5:      layout_cave_pools, sigmund_army, uniq_duvessa
D:6:      layout_gridville, doesnt_xom_only_xom, uniq_sigmund
D:7:      layout_loops_cross, old_standard_altar, mainiacjoe_overflow_catwalk,
          temple_hall, uniq_crazy_yiuf_cottage, uniq_maggie, uniq_menkaure

Skill      XL: |  1  2  3  4  5  6  7  8 |
---------------+-------------------------+-----
Long Blades    | 3 4 5 6 8 9 11 | 11.1
Dodging        | 5 |  5.0
Fighting       | |  2.0
Throwing       | |  1.0
Armour         | |  1.1
Spellcasting   | |  2.0
Translocations | |  2.4

Action                   |  1- 3 |  4- 6 |  7- 9 || total
-------------------------+-------+-------+-------++-------
Melee: Falchion          |    74 |   135 |     2 ||   211
       Kick              |    16 |    35 |    51 ||   102
       Peck              |    10 |    26 |    34 ||    70
       Punch             |       |     3 |     1 ||     4
       Dagger            |       |       |   168 ||   168
Throw: Dart              |       |       |     2 ||     2
  Use: Potion            |       |       |     4 ||     4
Armor: Leather armour    |    24 |    27 |    12 ||    63
Dodge: Dodged            |    47 |   106 |    62 ||   215

Table legend: (Time is in decaauts)
 A = Elapsed time spent in this place.
 B = Non-inter-level travel time spent in this place.
 C = Inter-level travel time spent in this place.
 D = Time resting spent in this place.
 E = Time spent auto-exploring this place.
 F = Levels seen in this place.
 G = Mean time per level.
                   A        B        C        D        E       F      G
               +--------+--------+--------+--------+--------+-----+--------+
         Total |   4764 |   4624 |    140 |    213 |   3500 |   7 |  680.6 |
       Dungeon |   4764 |   4624 |    140 |    213 |   3500 |   7 |  680.6 |
               +--------+--------+--------+--------+--------+-----+--------+

Top non-repeatable levels by time:
     D:3: 974 daAuts
     D:4: 898 daAuts
     D:6: 855 daAuts
     D:2: 804 daAuts
     D:1: 645 daAuts
     D:5: 450 daAuts
     D:7: 134 daAuts
